 Dungeon Crawl Stone Soup version 0.30-a0-465-g8901f6c8b5 (webtiles) character file.

Game seed: 15246119464557982932

76 Conn the Firebug (level 4, -3/27 HPs)
             Began as an Octopode Fire Elementalist on Dec 18, 2022.
             Slain by Crazy Yiuf
             ... wielding a +3 quarterstaff of chaos
              (17 damage)
             ... on level 2 of the Dungeon.
             The game lasted 00:04:35 (2031 turns).

Conn the Firebug (Octopode Fire Elementalist)       Turns: 2031, Time: 00:04:37

Health: -3/27      AC:  1    Str: 12 (13) XL:     4   Next: 32%
Magic:  0/8        EV: 13    Int: 17 (19) God:
Gold:   134        SH:  0    Dex: 11 (12) Spells: 2/8 levels left

rFire   + . .      SeeInvis .    l - +0 dagger (elec)
rCold   . . .      Faith    .    (no shield)
rNeg    . . .      Spirit   .    (helmet restricted)
rPois   .          Reflect  .    (no amulet)
rElec   .          Harm     .    g - +6 ring of strength
rCorr   .          Rampage  .    f - ring of protection from fire
Will    .....                    (no ring)
Stlth   +++.......               (no ring)
HPRegen 0.24/turn                (no ring)
MPRegen 0.11/turn                (no ring)
                                 (no ring)
                                 (no ring)

@: no status effects
A: almost no armour, amphibious, 8 rings, camouflage 1, gelatinous body 1,
(nimble swimmer 1), tentacles
a: no special abilities


You were on level 2 of the Dungeon.
You visited 1 branch of the dungeon, and saw 2 of its levels.

You collected 134 gold pieces.

Inventory:

Hand Weapons
 e - a +0 dagger
 l - a +0 dagger of electrocution (weapon)
Jewellery
 f - a ring of protection from fire (right tentacle)
 g - a +6 ring of strength (left tentacle)
Scrolls
 c - 3 scrolls of teleportation {unknown}
 i - a scroll of amnesia
 k - a scroll of fear {unknown}
 m - a scroll of immolation
 n - a scroll of identify {unknown}
Potions
 a - a potion of magic
 b - 2 potions of curing {unknown}
 d - a potion of lignification {unknown}
 h - a potion of attraction {unknown}
 j - a potion of degeneration


   Skills:
 + Level 0.3 Fighting
 + Level 0.2 Short Blades
 + Level 2.2 Dodging
 + Level 3.2 Stealth
 + Level 2.6 Spellcasting
 + Level 2.0 Conjurations
 + Level 3.6 Fire Magic


You had 2 spell levels left.
You knew the following spells:

 Your Spells              Type           Power      Damage    Failure   Level
a - Foxfire               Conj/Fire      44%        2x1d6     5%          1
b - Inner Flame           Hex/Fire       8%         N/A       26%         3
e - Scorch                Fire           28%        2d6       6%          2

Your spell library contained the following spells:

 Spells                   Type           Power      Damage    Failure   Level
 Apportation              Tloc           4%         N/A       19%         1
 Necrotise                Necr           8%         1d4       19%         1
 Summon Small Mammal      Summ           8%         N/A       19%         1
 Kindle Blastsparks       Fire/Tloc/Air  12%        2d11      32%         3
 Flame Wave               Conj/Fire      11%        2d6       50%         4


Dungeon Overview and Level Annotations

Branches:
Dungeon (2/15)

Altars:

Annotations:
D:2 Crazy Yiuf


Innate Abilities, Weirdness & Mutations

You cannot wear most types of armour.
You are amphibious.
You can wear up to eight rings at the same time.
Your skin changes colour to match your surroundings (Stealth+).
Your rubbery body absorbs attacks. (AC +1, EV +1)
((You are camouflaged when in or above water. (Stealth+)))
You have tentacles for arms and can constrict up to eight enemies at once.


Message History

You lose your grip on the fungus.
Found a hammer.
Found a runed translucent door.
Memorise Scorch, consuming 2 spell levels and leaving 5?
You start memorising the spell.
You continue memorising. x2
You finish memorising.
Spell assigned to 'b'.
Adjust (i)tems, (s)pells, or (a)bilities?
Adjust which spell? b - Scorch Adjust to which letter? e - Scorch This spell is extremely dangerous to cast!
Memorise Inner Flame, consuming 3 spell levels and leaving 2?
You start memorising the spell.
You continue memorising. x3
You finish memorising.
Spell assigned to 'b'.
Okay, then.
Crazy Yiuf shouts!
You open the door.
Casting: Foxfire (safe; 5% risk of failure)
Confirm with . or Enter, or press ? or * to list all spells.
Flames lash Crazy Yiuf.
Crazy Yiuf is moderately wounded.
Crazy Yiuf's fire resistance burns away.
Casting: Scorch (safe; 6% risk of failure)
Confirm with . or Enter, or press ? or * to list all spells.
Flames lash Crazy Yiuf but do no damage.
Crazy Yiuf closely misses you.
Casting: Scorch (safe; 6% risk of failure)
Confirm with . or Enter, or press ? or * to list all spells.
Flames lash Crazy Yiuf.
Crazy Yiuf is burned terribly!
Crazy Yiuf is heavily wounded.
Crazy Yiuf cries, "Rot!
Gnoll ragdoll ragdoll."
Crazy Yiuf hits you with a +3 quarterstaff of chaos!
Casting: Scorch (safe; 6% risk of failure)
Confirm with . or Enter, or press ? or * to list all spells.
Flames lash Crazy Yiuf.
Crazy Yiuf is burned terribly!
Crazy Yiuf is almost dead.
Crazy Yiuf laughs, "Lugonu mobile childish!"
Crazy Yiuf hits you with a +3 quarterstaff of chaos!
Ouch! That really hurt!
You die...

##.#
####....#
##.#########
#....#
.....†.....#
#P.#P#
######...###
##.P.#
###...#
##.## ##
###.# ##.#
.##### ###
#.## .....##
##.#
####..######
#@##
##......#
#g# #
######## ...
# #...# #
#)..# #
#####


You could see Crazy Yiuf (combustible).

Vanquished Creatures
  A gnoll (D:1)
  An adder (D:2)
  4 worms (D:2)
  2 dart slugs (D:2)
  5 ball pythons (D:2)
  6 endoplasms
  3 goblins
  6 hobgoblins
  5 quokkas
  2 frilled lizards (D:1)
  4 kobolds
39 creatures vanquished.

Vanquished Creatures (others)
  119 foxfires
  2 fungi (D:2)
121 creatures vanquished.

Grand Total: 160 creatures vanquished

Notes
Turn   | Place    | Note
-------+----------+-------------------------------------------
     0 | D:1      | Conn the Octopode Fire Elementalist began the quest for the
                  | Orb.
     0 | D:1      | Reached XP level 1. HP: 11/11 MP: 3/3
   176 | D:1      | Reached XP level 2. HP: 17/17 MP: 1/5
   531 | D:1      | Found a faded altar of an unknown god.
   617 | D:1      | Reached XP level 3. HP: 5/21 MP: 4/6
  1533 | D:2      | Reached XP level 4. HP: 25/27 MP: 7/7
  2012 | D:2      | Found a runed translucent door.
  2013 | D:2      | Noticed Crazy Yiuf
  2020 | D:2      | Learned a level 2 spell: Scorch
  2024 | D:2      | Learned a level 3 spell: Inner Flame
  2031 | D:2      | Slain by Crazy Yiuf

Illustrated notes

Levels and vault maps discovered:
D:1:      minmay_arrival_four_houses, layout_loops_ring,
          shapermc_ecumenical_altar_venn, minmay_misc_feat_diagonals,
          minmay_misc_feat_square
D:2:      layout_rooms, uniq_crazy_yiuf_cottage

Skill      XL: |  1  2  3  4 |
---------------+-------------+-----
Stealth        | 3 |  3.2
Conjurations   | 2 |  2.0
Fighting       | |  0.3
Short Blades   | |  0.2
Dodging        | |  2.2
Spellcasting   | |  2.6
Fire Magic     | |  3.6

Action                   |  1- 3 |  4- 6 || total
-------------------------+-------+-------++-------
Melee: Unarmed           |     1 |       ||     1
       Dagger            |    20 |    11 ||    31
       Constrict         |     7 |     3 ||    10
       Tentacles         |     2 |     2 ||     4
 Cast: Foxfire           |    57 |    14 ||    71
       Scorch            |       |     4 ||     4
  Use: Scroll            |     3 |       ||     3
       Potion            |     1 |       ||     1
 Stab: Sleeping          |     4 |       ||     4
Dodge: Dodged            |     5 |     2 ||     7

Table legend: (Time is in decaauts)
 A = Elapsed time spent in this place.
 B = Non-inter-level travel time spent in this place.
 C = Inter-level travel time spent in this place.
 D = Time resting spent in this place.
 E = Time spent auto-exploring this place.
 F = Levels seen in this place.
 G = Mean time per level.
                   A        B        C        D        E       F      G
               +--------+--------+--------+--------+--------+-----+--------+
         Total |   2028 |   2005 |     23 |     23 |   1501 |   2 | 1014.0 |
       Dungeon |   2028 |   2005 |     23 |     23 |   1501 |   2 | 1014.0 |
               +--------+--------+--------+--------+--------+-----+--------+

Top non-repeatable levels by time:
     D:2: 1086 daAuts
     D:1: 942 daAuts
